| TOP OF THE 1ST |
|---|
| Wake Forest Demon Deacons batting - Pitching for Maryland Terrapins : RHP Bubba Presley | | Pitching: RHP Bubba Presley | | | Batting: RHB Chris Heron | 0-0: Called Strike 0-1: Called Strike 0-2: Fly out, F8 (Flyball, 8RM) | | Batting: LHB Mark Schumann | 0-0: Ground out 1-3 (Groundball, P) | | Batting: RHB Leo Reynaga | 0-0: Ground out 6-3 (Groundball, 6) | | Top of the 1st over - 0 run(s), 0 hit(s), 0 error(s), 0 left on base; Wake Forest 0 - Maryland 0 | | BOTTOM OF THE 1ST |
|---|
| Maryland Terrapins batting - Pitching for Wake Forest Demon Deacons : LHP Mike Fenster | | Pitching: LHP Mike Fenster | | | Batting: LHB Mark Ward | 0-0: Foul Ball, location: 2F 0-1: Ball 1-1: Ground out 4-3 (Groundball, 4M) | | Batting: LHB Jason Kabler | 0-0: Ball 1-0: Ball 2-0: Fly out, F6 (Flyball, 6D) | | Batting: RHB Nick Brennan | 0-0: Ball 1-0: SINGLE (Line Drive, 9LS) | | Batting: RHB Nick Prairie | 0-0: Ball 1-0: Foul Ball, location: 2F 1-1: Fly out, F7 (Flyball, 7S) | | Bottom of the 1st over - 0 run(s), 1 hit(s), 0 error(s), 1 left on base; Wake Forest 0 - Maryland 0 | | TOP OF THE 2ND |
|---|
| Wake Forest Demon Deacons batting - Pitching for Maryland Terrapins : RHP Bubba Presley | | Batting: LHB Pete Lau | 0-0: Ball 1-0: Ground out 6-3 (Groundball, 6M) | | Batting: RHB Jesse Stone | 0-0: Fly out, F5 (Line Drive, 5L) | | Batting: SHB Dustin Overstreet | 0-0: Ball 1-0: Ball 2-0: Called Strike 2-1: Called Strike 2-2: Ball 3-2: Ground out 6-3 (Groundball, 6) | | Top of the 2nd over - 0 run(s), 0 hit(s), 0 error(s), 0 left on base; Wake Forest 0 - Maryland 0 | | BOTTOM OF THE 2ND |
|---|
| Maryland Terrapins batting - Pitching for Wake Forest Demon Deacons : LHP Mike Fenster | | Batting: RHB Joey Albertson | 0-0: Ball 1-0: Called Strike 1-1: Ball 2-1: Ground out 5-3 (Groundball, 56) | | Batting: RHB Nate Kinyon | 0-0: Ball 1-0: Foul Ball, location: 2F 1-1: Swinging Strike 1-2: Ball 2-2: Ball 3-2: SINGLE (Groundball, 56D) | | Batting: RHB Bob Benedict | 0-0: Ball 1-0: Called Strike 1-1: Called Strike 1-2: Foul Ball, location: 2F 1-2: Fly out, F4 (Popup, 4) | | Batting: RHB Jeremy Baer | 0-0: Ground out 5-3 (Groundball, 56S) | | Bottom of the 2nd over - 0 run(s), 1 hit(s), 0 error(s), 1 left on base; Wake Forest 0 - Maryland 0 | | TOP OF THE 3RD |
|---|
| Wake Forest Demon Deacons batting - Pitching for Maryland Terrapins : RHP Bubba Presley | | Batting: RHB Tom Tighe | 0-0: Ball 1-0: Swinging Strike 1-1: Swinging Strike 1-2: Ball 2-2: Foul Ball, location: 2F 2-2: Strikes out looking | | Batting: RHB Chris Walker | 0-0: SINGLE (Line Drive, 8RS) | | Batting: RHB Caleb Doubleday | 0-0: Foul Ball, location: 2F 0-1: Ball 1-1: DOUBLE (Flyball, 89XD) Chris Walker to third Runner from 3rd tries for Home, SAFE, throw made at trailing runner, OUT at third! | | Batting: RHB Chris Heron | 0-0: Ball 1-0: Foul Ball, location: 2F 1-1: Called Strike 1-2: Foul Ball, location: 2F 1-2: Ball 2-2: Foul Ball, location: 2F 2-2: Ground out 6-3 (Groundball, 6M) | | Top of the 3rd over - 1 run(s), 2 hit(s), 0 error(s), 0 left on base; Wake Forest 1 - Maryland 0 | | BOTTOM OF THE 3RD |
|---|
| Maryland Terrapins batting - Pitching for Wake Forest Demon Deacons : LHP Mike Fenster | | Batting: RHB George Holmes | 0-0: Ball 1-0: Foul Ball, location: 2F 1-1: Ball 2-1: Ball 3-1: Foul Ball, location: 2F 3-2: Strikes out looking | | Batting: LHB Mark Ward | 0-0: Ball 1-0: Ball 2-0: Foul Ball, location: 2F 2-1: Bunt for hit - play at first, batter OUT! 2-3 | | Batting: LHB Jason Kabler | 0-0: Ball 1-0: Ground out 4-3 (Groundball, 34D) | | Bottom of the 3rd over - 0 run(s), 0 hit(s), 0 error(s), 0 left on base; Wake Forest 1 - Maryland 0 | | TOP OF THE 4TH |
|---|
| Wake Forest Demon Deacons batting - Pitching for Maryland Terrapins : RHP Bubba Presley | | Batting: LHB Mark Schumann | 0-0: SINGLE (Line Drive, 78S) | | Batting: RHB Leo Reynaga | 0-0: Called Strike 0-1: SINGLE (Groundball, 6D) Mark Schumann to second | | Batting: LHB Pete Lau | 0-0: Ball 1-0: Called Strike 1-1: Foul Ball, location: 2F 1-2: Ball 2-2: Ball 3-2: Foul Ball, location: 2F 3-2: Fly out, F6 (Line Drive, 6) | | Batting: RHB Jesse Stone | 0-0: DOUBLE (Flyball, 89XD) Mark Schumann scores Leo Reynaga to third | | Batting: SHB Dustin Overstreet | 0-0: Foul Ball, location: 2F 0-1: SINGLE (Flyball, 7S) Leo Reynaga scores Jesse Stone to third | | Batting: RHB Tom Tighe | 0-0: SINGLE (Line Drive, 3) Jesse Stone scores Dustin Overstreet to second | | Batting: RHB Chris Walker | 0-0: Ball 1-0: Called Strike 1-1: Swinging Strike 1-2: Ball 2-2: Foul Ball, location: 2F 2-2: Foul Ball, location: 2F 2-2: Ball 3-2: Strikes out swinging | | Batting: RHB Caleb Doubleday | 0-0: Ball 1-0: Ball 2-0: Swinging Strike 2-1: Foul Ball, location: 2F 2-2: Ball 3-2: Strikes out looking | | Top of the 4th over - 3 run(s), 5 hit(s), 0 error(s), 2 left on base; Wake Forest 4 - Maryland 0 | | BOTTOM OF THE 4TH |
|---|
| Maryland Terrapins batting - Pitching for Wake Forest Demon Deacons : LHP Mike Fenster | | Batting: RHB Nick Brennan | 0-0: Ball 1-0: Foul Ball, location: 2F 1-1: Fly out, F3 (Popup, 3F) | | Batting: RHB Nick Prairie | 0-0: Ball 1-0: Fly out, F9 (Flyball, 89D) | | Batting: RHB Joey Albertson | 0-0: Called Strike 0-1: Ball 1-1: SINGLE (Line Drive, 56) | | Batting: RHB Nate Kinyon | 0-0: Called Strike 0-1: Called Strike 0-2: Ball 1-2: Hit by Pitch Joey Albertson to second | | Batting: RHB Bob Benedict | 0-0: Called Strike 0-1: Called Strike 0-2: Ball 1-2: Fly out, F9 (Flyball, 9) | | Bottom of the 4th over - 0 run(s), 1 hit(s), 0 error(s), 2 left on base; Wake Forest 4 - Maryland 0 | | TOP OF THE 5TH |
|---|
| Wake Forest Demon Deacons batting - Pitching for Maryland Terrapins : RHP Bubba Presley | | Pitching: RHP Jason Gillies | | | Batting: RHB Chris Heron | 0-0: Ball 1-0: Ball 2-0: Ground out 4-3 (Groundball, 4) | | Batting: LHB Mark Schumann | 0-0: Ball 1-0: Called Strike 1-1: Ground out 4-3 (Groundball, 4) | | Batting: RHB Leo Reynaga | 0-0: Ball 1-0: Called Strike 1-1: Ball 2-1: SINGLE (Line Drive, 56) | | Batting: LHB Pete Lau | 0-0: SINGLE (Groundball, 3L) (infield hit) Leo Reynaga to second | | Batting: RHB Jesse Stone | 0-0: Ball 1-0: Hit by Pitch Leo Reynaga to third Pete Lau to second | | Batting: SHB Dustin Overstreet | 0-0: Ball 1-0: Ball 2-0: Ball 3-0: Base on Balls Leo Reynaga scores Pete Lau to third Jesse Stone to second | | Batting: RHB Tom Tighe | 0-0: Foul Ball, location: 2F 0-1: Ball 1-1: Ball 2-1: Called Strike 2-2: Foul Ball, location: 2F 2-2: Foul Ball, location: 2F 2-2: Foul Ball, location: 2F 2-2: Ball 3-2: Strikes out swinging | | Top of the 5th over - 1 run(s), 2 hit(s), 0 error(s), 3 left on base; Wake Forest 5 - Maryland 0 | | BOTTOM OF THE 5TH |
|---|
| Maryland Terrapins batting - Pitching for Wake Forest Demon Deacons : LHP Mike Fenster | | Batting: RHB Jeremy Baer | 0-0: Foul Ball, location: 2F 0-1: Ball 1-1: Ball 2-1: Fly out, F9 (Line Drive, 9) | | Batting: RHB George Holmes | 0-0: Ball 1-0: Foul Ball, location: 2F 1-1: Foul Ball, location: 2F 1-2: Strikes out looking | | Batting: LHB Mark Ward | 0-0: Ball 1-0: Ball 2-0: Called Strike 2-1: Swinging Strike 2-2: Ball 3-2: Fly out, F7 (Flyball, 7LM) | | Bottom of the 5th over - 0 run(s), 0 hit(s), 0 error(s), 0 left on base; Wake Forest 5 - Maryland 0 | | TOP OF THE 6TH |
|---|
| Wake Forest Demon Deacons batting - Pitching for Maryland Terrapins : RHP Jason Gillies | | Batting: RHB Chris Walker | 0-0: Fly out, F9 (Flyball, 89D) | | Batting: RHB Caleb Doubleday | 0-0: Ball 1-0: Ball 2-0: Ball 3-0: Base on Balls | | Batting: RHB Chris Heron | 0-0: Ball 1-0: Foul Ball, location: 2F 1-1: Grounds into double play, 4-6-3 (Groundball, 4M) | | Top of the 6th over - 0 run(s), 0 hit(s), 0 error(s), 0 left on base; Wake Forest 5 - Maryland 0 | | BOTTOM OF THE 6TH |
|---|
| Maryland Terrapins batting - Pitching for Wake Forest Demon Deacons : LHP Mike Fenster | | Batting: LHB Jason Kabler | 0-0: Reached via error on a dropped throw, E1 | | Batting: RHB Nick Brennan | 0-0: SINGLE (Groundball, 6MD) Jason Kabler to second Runner from 2nd tries for 3rd, SAFE, no throw | | Batting: RHB Nick Prairie | 0-0: Ball 1-0: Swinging Strike 1-1: SINGLE (Line Drive, 89S) Jason Kabler scores Nick Brennan to second | | Batting: RHB Joey Albertson | 0-0: Ball 1-0: Foul Ball, location: 2F 1-1: Ball 2-1: SINGLE (Groundball, 4MD) Nick Brennan to third Nick Prairie to second | | Batting: RHB Nate Kinyon | 0-0: Foul Ball, location: 2F 0-1: Ball 1-1: Ground out 5-3 (Groundball, 56S) Nick Brennan scores Nick Prairie to third Joey Albertson to second | | Pitching: RHP Chris Schwanz | | | Batting: RHB Bob Benedict | 0-0: Ball 1-0: Called Strike 1-1: Foul Ball, location: 2F 1-2: Strikes out swinging | | Batting: RHB Jeremy Baer | 0-0: Called Strike 0-1: Ball 1-1: Fly out, F6 (Line Drive, 6) | | Bottom of the 6th over - 2 run(s), 3 hit(s), 1 error(s), 2 left on base; Wake Forest 5 - Maryland 2 | | TOP OF THE 7TH |
|---|
| Wake Forest Demon Deacons batting - Pitching for Maryland Terrapins : RHP Jason Gillies | | Batting: LHB Mark Schumann | 0-0: Ball 1-0: Called Strike 1-1: Swinging Strike 1-2: Strikes out swinging | | Batting: RHB Leo Reynaga | 0-0: Foul Ball, location: 2F 0-1: Ball 1-1: Ball 2-1: Foul Ball, location: 2F 2-2: Ground out 1-3 (Groundball, 15) | | Batting: LHB Pete Lau | 0-0: SOLO HOME RUN (Flyball, 9LD), Distance : 353 ft | | Batting: RHB Jesse Stone | 0-0: Called Strike 0-1: Ball 1-1: Ground out 1-3 (Groundball, 13) | | Top of the 7th over - 1 run(s), 1 hit(s), 0 error(s), 0 left on base; Wake Forest 6 - Maryland 2 | | BOTTOM OF THE 7TH |
|---|
| Maryland Terrapins batting - Pitching for Wake Forest Demon Deacons : RHP Chris Schwanz | | Batting: RHB George Holmes | 0-0: Called Strike 0-1: Ball 1-1: Called Strike 1-2: Foul Ball, location: 2F 1-2: Strikes out swinging | | Batting: LHB Mark Ward | 0-0: Ball 1-0: SINGLE (Groundball, 34D) | | Batting: LHB Jason Kabler | 0-0: Ball Mark Ward steals 2nd base 1-0: Ball 2-0: SINGLE (Line Drive, 89M) Mark Ward to third Runner from 3rd tries for Home, SAFE, no throw | | Batting: RHB Nick Brennan | 0-0: Ball 1-0: Swinging Strike 1-1: Foul Ball, location: 2F 1-2: Ball 2-2: Ball 3-2: Base on Balls Jason Kabler to second | | Batting: RHB Nick Prairie | 0-0: Ball 1-0: Ball 2-0: Fly out, F8 (Flyball, 78XD) Runner from 2nd tags up, SAFE at 3rd, no throw | | Batting: RHB Joey Albertson | 0-0: Ball 1-0: Ball 2-0: Called Strike 2-1: Ball 3-1: Foul Ball, location: 2F 3-2: Base on Balls Nick Brennan to second | | Batting: RHB Nate Kinyon | 0-0: Ball 1-0: Ball 2-0: Foul Ball, location: 2F 2-1: Ball 3-1: Base on Balls Jason Kabler scores Nick Brennan to third Joey Albertson to second | | Pitching: RHP Mike Peer | | | Batting: RHB Bob Benedict | 0-0: Called Strike 0-1: Ground out 5-3 (Groundball, 56S) | | Bottom of the 7th over - 2 run(s), 2 hit(s), 0 error(s), 3 left on base; Wake Forest 6 - Maryland 4 | | TOP OF THE 8TH |
|---|
| Wake Forest Demon Deacons batting - Pitching for Maryland Terrapins : RHP Jason Gillies | | Pitching: RHP Zack Cronin | | | Batting: SHB Dustin Overstreet | 0-0: Ball 1-0: Foul Ball, location: 2F 1-1: Ball 2-1: Fly out, F7 (Flyball, 78S) | | Batting: RHB Tom Tighe | 0-0: Ball 1-0: Ball 2-0: Called Strike 2-1: Foul Ball, location: 2F 2-2: Ball 3-2: SINGLE (Groundball, 6MD) | | Batting: RHB Chris Walker | 0-0: Ball 1-0: Swinging Strike 1-1: Swinging Strike 1-2: Strikes out looking | | Batting: RHB Caleb Doubleday | 0-0: Ball 1-0: Foul Ball, location: 2F 1-1: SINGLE (Groundball, 56) (infield hit) Tom Tighe to second | | Pinch Hitting: LHB Taylor Taylor | 0-0: Ball 1-0: Swinging Strike 1-1: Ball 2-1: Swinging Strike 2-2: Fly out, F9 (Line Drive, 9) | | Top of the 8th over - 0 run(s), 2 hit(s), 0 error(s), 2 left on base; Wake Forest 6 - Maryland 4 | | BOTTOM OF THE 8TH |
|---|
| Maryland Terrapins batting - Pitching for Wake Forest Demon Deacons : RHP Mike Peer | | Now at SS: Karl Kelly | | | Batting: RHB Jeremy Baer | 0-0: Ball 1-0: Ball 2-0: Ball 3-0: Called Strike 3-1: Called Strike 3-2: Foul Ball, location: 2F 3-2: Base on Balls | | Batting: RHB George Holmes | 0-0: Ball 1-0: Ball 2-0: Foul Ball, location: 2F 2-1: Ball 3-1: Foul Ball, location: 2F 3-2: Foul Ball, location: 2F 3-2: Base on Balls Jeremy Baer to second | | Pitching: LHP Jared Ziehm | | | Batting: LHB Mark Ward | 0-0: Ball 1-0: Ball 2-0: Foul Ball, location: 2F 2-1: Ball 3-1: Base on Balls Jeremy Baer to third George Holmes to second | | Pinch Hitting: RHB Josh Bois | 0-0: Called Strike 0-1: Swinging Strike 0-2: Foul Ball, location: 2F 0-2: Ball 1-2: Strikes out looking | | Pitching: RHP John Haile | | | Batting: RHB Nick Brennan | 0-0: Called Strike 0-1: Called Strike 0-2: Reached on error, E5 (Groundball, 56) Jeremy Baer scores George Holmes to third Mark Ward to second | | Batting: RHB Nick Prairie | 0-0: Swinging Strike 0-1: Foul Ball, location: 2F 0-2: Strikes out swinging | | Batting: RHB Joey Albertson | 0-0: Ball 1-0: Ball 2-0: Fly out, F7 (Flyball, 7S) | | Bottom of the 8th over - 1 run(s), 0 hit(s), 1 error(s), 3 left on base; Wake Forest 6 - Maryland 5 | | TOP OF THE 9TH |
|---|
| Wake Forest Demon Deacons batting - Pitching for Maryland Terrapins : RHP Zack Cronin | | Pitching: LHP Javier Valencia | | | Now in LF: Josh Bois | | | Batting: LHB Mark Schumann | 0-0: Ball 1-0: Called Strike 1-1: Fly out, F7 (Flyball, 7LMF) | | Batting: RHB Leo Reynaga | 0-0: Ball 1-0: Ball 2-0: Ball 3-0: Base on Balls | | Pitching: RHP Skyler Connole | | | Batting: LHB Pete Lau | 0-0: Called Strike 0-1: Called Strike 0-2: Strikes out swinging | | Batting: RHB Jesse Stone | 0-0: Fly out, F8 (Line Drive, 89XD) | | Top of the 9th over - 0 run(s), 0 hit(s), 0 error(s), 1 left on base; Wake Forest 6 - Maryland 5 | | BOTTOM OF THE 9TH |
|---|
| Maryland Terrapins batting - Pitching for Wake Forest Demon Deacons : RHP John Haile | | Pitching: RHP Andy McCord | | | Batting: RHB Nate Kinyon | 0-0: Swinging Strike 0-1: Foul Ball, location: 2F 0-2: Ball 1-2: Foul Ball, location: 2F 1-2: Strikes out swinging | | Batting: RHB Bob Benedict | 0-0: Ball 1-0: Ball 2-0: SOLO HOME RUN (Flyball, 7D), Distance : 400 ft | | Batting: RHB Jeremy Baer | 0-0: Ball 1-0: Ball 2-0: Called Strike 2-1: Ball 3-1: Called Strike 3-2: SINGLE (Groundball, 4MD) | | Pinch Hitting: LHB Josh Hancock | 0-0: Ball 1-0: Ball 2-0: Called Strike 2-1: Called Strike 2-2: Fly out, F8 (Flyball, 8LM) | | Batting: LHB Mark Ward | 0-0: Ball Jeremy Baer is caught stealing 2nd base | | Bottom of the 9th over - 1 run(s), 2 hit(s), 0 error(s), 0 left on base; Wake Forest 6 - Maryland 6 | | TOP OF THE 10TH |
|---|
| Wake Forest Demon Deacons batting - Pitching for Maryland Terrapins : RHP Skyler Connole | | Pitching: RHP Jamie Redmond | | | Now at C: Keith Capobianco | | | Batting: SHB Dustin Overstreet | 0-0: Called Strike 0-1: Swinging Strike 0-2: Fly out, F8 (Line Drive, 8RM) | | Batting: RHB Tom Tighe | 0-0: Called Strike 0-1: Ball 1-1: Foul Ball, location: 2F 1-2: Ball 2-2: Strikes out swinging | | Batting: RHB Chris Walker | 0-0: Ball 1-0: Swinging Strike 1-1: Reached on error, E6 (Popup, 6) | | Batting: RHB Caleb Doubleday | 0-0: Ball 1-0: Ball 2-0: Ball 3-0: Base on Balls Chris Walker to second | | Batting: RHB Karl Kelly | 0-0: Foul Ball, location: 2F 0-1: Hit by Pitch Chris Walker to third Caleb Doubleday to second | | Batting: LHB Mark Schumann | 0-0: Called Strike 0-1: Called Strike 0-2: SINGLE (Line Drive, 89S) Chris Walker scores Caleb Doubleday to third Karl Kelly to second Runner from 3rd tries for Home, SAFE, no throw | | Pinch Hitting: LHB Joaquin Jimenez | 0-0: Ball 1-0: Ball 2-0: Swinging Strike 2-1: Foul Ball, location: 2F 2-2: Strikes out swinging | | Top of the 10th over - 2 run(s), 1 hit(s), 1 error(s), 2 left on base; Wake Forest 8 - Maryland 6 | | BOTTOM OF THE 10TH |
|---|
| Maryland Terrapins batting - Pitching for Wake Forest Demon Deacons : RHP Andy McCord | | Now at C: Justin Loustalot | | | Batting: LHB Mark Ward | 0-0: DOUBLE (Line Drive, 9LM) | | Batting: RHB Josh Bois | 0-0: SINGLE (Line Drive, 8RS) Mark Ward to third | | Batting: RHB Nick Brennan | 0-0: Ball 1-0: Called Strike 1-1: Foul Ball, location: 2F 1-2: Ball 2-2: Strikes out swinging | | Batting: RHB Nick Prairie | 0-0: Called Strike 0-1: Swinging Strike 0-2: Ball 1-2: Foul Ball, location: 2F 1-2: Strikes out swinging | | Batting: RHB Joey Albertson | 0-0: Ball 1-0: Called Strike 1-1: Foul Ball, location: 2F 1-2: Strikes out swinging | | Bottom of the 10th over - 0 run(s), 2 hit(s), 0 error(s), 2 left on base; Wake Forest 8 - Maryland 6 | |